 Dungeon Crawl Stone Soup version 0.27-a0-760-gc38aae387d (webtiles) character file.

Game seed: 12441787597155052191

6637 robertstho the Cleaver (level 10, -6/96 HPs)
             Began as a Deep Dwarf Berserker on Mar 24, 2021.
             Was an Elder of Trog.
             Mangled by a death yak (7 damage)
             ... on level 9 of the Dungeon.
             The game lasted 00:13:38 (6856 turns).

robertstho the Cleaver (Deep Dwarf Berserker)       Turns: 6856, Time: 00:13:39

Health: -6/96      AC: 13    Str: 25    XL:     10   Next: 72%
Magic:  9/9        EV: 14    Int:  7    God:    Trog [****..]
Gold:   279        SH:  0    Dex: 12    Spells: 9/9 levels left

rFire    . . .     SeeInvis .   q - +4 halberd (flame)
rCold    . . .     Faith    .   (shield currently unavailable)
rNeg     . . .     Spirit   .   l - +0 swamp dragon scales
rPois    +         Reflect  .   f - +0 helmet
rElec    .         Harm     .   w - +0 cloak
rCorr    .         Rampage  .   (no gloves)
Will     ++...                  z - +0 pair of boots
Stlth    +.........             (no amulet)
HPRegen  0.00/turn              g - +4 ring of slaying
MPRegen  0.11/turn              s - ring of willpower

@: berserk cooldown, non-regenerating, slowed, studying Dodging, very slow
A: damage resistance, heal wounds, sense surroundings 2, no regeneration
a: Heal Wounds, Renounce Religion, Berserk, Trog's Hand, Brothers in Arms


You were on level 9 of the Dungeon.
You worshipped Trog.
Trog was greatly pleased with you.
You visited 1 branch of the dungeon, and saw 9 of its levels.
You also visited: Sewer.

You collected 440 gold pieces.
You spent 161 gold pieces at shops.

Inventory:

Hand Weapons
 k - a +0 war axe
 m - a +4 short sword of flaming
 q - a +4 halberd of flaming (weapon)
Armour
 f - a +0 helmet (worn)
 l - +0 swamp dragon scales (worn)
 n - a +0 plate armour
 w - a +0 cloak (worn)
 z - a +0 pair of boots (worn)
Jewellery
 g - a +4 ring of slaying (right hand)
 j - a ring of ice
 s - a ring of willpower (left hand)
Wands
 p - a wand of digging (1)
Scrolls
 a - 2 scrolls of teleportation
 b - 3 scrolls of identify
 e - a scroll of magic mapping
 u - 4 scrolls of silence
 y - a scroll of immolation
 B - a scroll of fog {unknown}
 C - 4 scrolls of amnesia {unknown}
 D - a scroll of torment {unknown}
 E - 2 scrolls of acquirement
 F - a scroll of enchant weapon {unknown}
Potions
 c - 4 potions of curing
 d - a potion of ambrosia {unknown}
 h - 2 potions of magic {unknown}
 i - 4 potions of flight {unknown}
 o - 11 potions of heal wounds {unknown}
 r - 3 potions of cancellation {unknown}
 t - 2 potions of mutation {unknown}
 v - a potion of attraction {unknown}
 x - a potion of might {unknown}
 A - a potion of brilliance {unknown}


   Skills:
 * Level 8.2 Fighting
 + Level 10.2(10.7) Axes
 + Level 4.1(6.9) Polearms
 * Level 8.3 Armour
 * Level 9.0 Dodging


You had 9 spell levels left.
You didn't know any spells.
Your spell library was empty.

Dungeon Overview and Level Annotations

Branches:
Dungeon (9/15)             Temple (0/1) D:4            Lair (0/6) D:9
  Sewer (visited)
    Orc: D:9-12

Altars:
Gozag
Hepliaklqana
Makhleb
Okawaru
Qazlal
Sif Muna
Trog
Yredelemnul
Zin

Shops:
D:1 ?   D:2 [   D:6 *   D:8 :   D:9 [

Annotations:
D:9 570 gauntlets of war


Innate Abilities, Weirdness & Mutations

You are resistant to damage.
You can heal yourself by infusing magical energy.
You passively map the area around you.
You do not regenerate.


Message History

Your Dodging skill increases to level 9!
There is an open door here.
A red film seems to cover your vision as you go berserk!
You feel yourself moving faster!
You feel mighty! The death yak gores you!
You slice the death yak!! You burn the death yak.
The death yak is moderately wounded.
You puncture the death yak! You burn the death yak.
The death yak is heavily wounded.
The death yak gores you!
The death yak gores you but does no damage.
You are too injured to fight recklessly!
You are too injured to fight recklessly!
You are too injured to fight recklessly!
You are too injured to fight recklessly!
You are too injured to fight recklessly!
You puncture the death yak! You burn the death yak.
The death yak is severely wounded.
The death yak gores you!
You barely miss the death yak.
The death yak is severely wounded.
The death yak gores you!
* * * LOW HITPOINT WARNING * * *
You slash the death yak! You burn the death yak.
The death yak is almost dead.
The death yak gores you!
* * * LOW HITPOINT WARNING * * *
The death yak gores you but does no damage.
You barely miss the death yak.
The death yak is almost dead.
The death yak gores you!
* * * LOW HITPOINT WARNING * * *
A rat comes into view.
The death yak gores you!
* * * LOW HITPOINT WARNING * * *
You feel a strong urge to attack something.
You feel your anger nearly subside.
You are no longer berserk.
You are exhausted.
You feel yourself slow down.
You fail to use your ability.
The death yak gores you!
You die...

, ###########.......###### ,
,,###.........####.......... ,
#.....(........#>...######
..r.#..............#....# , ,,
..r................#..(.# , ,
>....####..........#....#,
,,......†.'r.........##...# ,,
........#r.r........#...# ,
........#.rYY@......#...######
,........#....######.#.........
,........#....# #......(## ,
,........#...##, *.#.......#. ,
....#...#...# .#.......#. ,
....###+#...#####+#.#.......#.
................#.......#. ,, ,
..#######......##.......#. ,,
##.....#........'.


You could see 2 death yaks, a hell rat, a quokka and 2 rats.

Vanquished Creatures
  A death yak (D:9)
  Pikel (D:5)
  Joseph (D:8)
  Maggie (D:7)
  A troll (D:9)
  Grinder (D:6)
  Prince Ribbit (D:8)
  A water moccasin (D:6)
  Edmund (D:6)
  A black bear (D:4)
  3 sky beasts (D:7)
  3 ice beasts
  4 orc warriors
  5 ogres
  A phantom (D:5)
  3 centaurs
  2 kobold brigands
  A bullfrog (D:7)
  2 scorpions
  A water moccasin skeleton (D:4)
  21 killer bees
  7 wights
  2 centaur zombies
  4 orc priests
  2 hounds
  A centaur skeleton (D:7)
  2 bullfrog skeletons (D:6)
  An iguana (D:6)
  4 orc wizards
  4 worker ants
  2 hound skeletons
  A howler monkey zombie (D:7)
  A howler monkey skeleton (D:7)
  9 adders
  2 river rats
  A shadow imp (D:8)
  A white imp (D:6)
  2 worms (D:5)
  3 dart slugs
  30 orcs
  3 bats
  5 endoplasms
  6 giant cockroaches
  9 hobgoblins
  6 jackals
  8 kobolds
  3 quokkas
  6 ball pythons
  2 frilled lizards (D:1)
  12 goblins
  12 rats
207 creatures vanquished.

Notes
Turn   | Place    | Note
-------+----------+-------------------------------------------
     0 | D:1      | robertstho the Deep Dwarf Berserker began the quest for the
                  | Orb.
     0 | D:1      | Reached XP level 1. HP: 20/20 MP: 1/1
   136 | D:1      | Reached XP level 2. HP: 25/28 MP: 2/2
   148 | D:1      | Found Nisik's Magic Scroll Shop.
   153 | D:1      | Bought a scroll of random uselessness for 14 gold pieces
   467 | D:1      | Reached XP level 3. HP: 25/34 MP: 3/3
   680 | D:1      | Reached ** piety under Trog
   905 | D:2      | Found Koroiree's Antique Armour Boutique.
  1196 | D:2      | Found a burning altar of Makhleb.
  1826 | D:1      | Bought a scroll of teleportation for 42 gold pieces
  1826 | D:1      | Bought a scroll of magic mapping for 49 gold pieces
  2462 | D:4      | Reached skill level 4 in Axes
  2463 | D:4      | Reached XP level 4. HP: 30/42 MP: 4/4
  2463 | D:4      | Noticed an orc warrior
  2540 | D:4      | Killed an orc warrior
  2541 | D:4      | Reached XP level 5. HP: 45/50 MP: 5/5
  2577 | D:4      | Reached skill level 5 in Axes
  2595 | D:4      | Noticed an ogre
  2599 | D:4      | Killed an ogre
  2600 | D:4      | Reached XP level 6. HP: 34/57 MP: 6/6
  2736 | D:4      | Found a glowing drain.
  2749 | Sewer    | Entered a sewer
  2845 | Sewer    | Found a white marble altar of Elyvilon.
  2994 | D:4      | Found a staircase to the Ecumenical Temple.
  3028 | D:4      | Reached skill level 6 in Axes
  3028 | D:4      | Reached XP level 7. HP: 66/66 MP: 7/7
  3063 | D:4      | Found an opulent altar of Gozag.
  3362 | D:4      | Reached *** piety under Trog
  3639 | D:4      | Found a glowing silver altar of Zin.
  3748 | D:5      | Entered Level 5 of the Dungeon
  3770 | D:5      | Reached skill level 5 in Fighting
  3850 | D:5      | Noticed Pikel
  3864 | D:5      | Killed Pikel
  3865 | D:5      | Reached skill level 7 in Axes
  3865 | D:5      | Reached skill level 5 in Armour
  3865 | D:5      | Reached skill level 5 in Dodging
  3865 | D:5      | Reached XP level 8. HP: 47/75 MP: 8/8
  4131 | D:5      | Reached skill level 8 in Axes
  4544 | D:6      | Noticed Edmund
  4549 | D:6      | Killed Edmund
  4550 | D:6      | Gained mutation: You passively map the area around you.
                  | [Deep Dwarf growth]
  4550 | D:6      | Reached XP level 9. HP: 71/82 MP: 9/9
  4565 | D:6      | Noticed Grinder
  4573 | D:6      | Killed Grinder
  4714 | D:6      | Reached skill level 9 in Axes
  4839 | D:6      | Found a hazy altar of Hepliaklqana.
  4868 | D:6      | Found an iron altar of Okawaru.
  4908 | D:6      | Found Vuwa's General Store.
  4917 | D:6      | Bought a scroll of identify for 28 gold pieces
  4917 | D:6      | Bought a scroll of identify for 28 gold pieces
  5022 | D:6      | Identified a scroll of acquirement
  5024 | D:6      | Acquired a manual of Dodging
  5254 | D:7      | Noticed Maggie
  5274 | D:7      | Killed Maggie
  5275 | D:7      | Reached skill level 10 in Axes
  5509 | D:7      | Reached XP level 10. HP: 60/94 MP: 10/10
  5529 | D:7      | Reached skill level 1 in Polearms
  5544 | D:7      | Found a shimmering blue altar of Sif Muna.
  5738 | D:7      | Found a stormy altar of Qazlal.
  5917 | D:8      | Noticed Prince Ribbit
  5919 | D:8      | Killed Prince Ribbit
  5936 | D:8      | Noticed Joseph
  5952 | D:8      | Killed Joseph
  6016 | D:8      | Found Jotac's Book Shop.
  6095 | D:8      | Found a bloodstained altar of Trog.
  6206 | D:8      | Found a basalt altar of Yredelemnul.
  6593 | D:9      | Reached **** piety under Trog
  6668 | D:9      | Found Gimm's Armour Shoppe.
  6834 | D:9      | Noticed a death yak
  6836 | D:9      | Found a staircase to the Lair.
  6836 | D:9      | Noticed a death yak
  6836 | D:9      | Noticed a death yak
  6842 | D:9      | Killed a death yak
  6851 | D:9      | HP: 2/144 [death yak (12)]
  6856 | D:9      | Mangled by a death yak

Illustrated notes

Levels and vault maps discovered:
D:1:      eino_arrival_tree_alley, layout_loops_ring, serial_shops,
          shop_fountains
D:2:      layout_loops_ring, lemuel_coloured_pillars_altar, serial_shops,
          nicolae_shop_waterfront
D:3:      layout_basic, serial_bayou_pond_c
D:4:      layout_basic, pdpol_temple_overflow_zin_treasury_gozag_greed,
          minmay_temple_entry_sparse_star, gup_sewer_entry_bubbles,
          guppyfry_early_orc_mine
D:5:      minmay_chambers_of_fours, layout_rooms, uniq_pikel
D:6:      layout_gridville, general_overflow_altar, okawaru_gym_becter,
          serial_shops, nicolae_shop_trees, uniq_edmund, uniq_grinder
D:7:      layout_basic, marbit_many_paths, basic_altar,
          chequers_serial_rivers_marsh, uniq_maggie
D:8:      layout_rooms, kennysheep_mini_moat, overflow_temple_1_default,
          serial_shops, nicolae_shop_waterfront, uniq_joseph,
          uniq_prince_ribbit1
D:9:      layout_irregular_city, dpeg_lair_monsters, serial_shops,
          nicolae_shop_behind_doors, minmay_fire_ice_demons

Skill      XL: |  1  2  3  4  5  6  7  8  9 10 |
---------------+-------------------------------+-----
Fighting       | 3 4 5 6 7 8 |  8.2
Axes           | 4 5 6 7 8 10 | 10.2
Dodging        | 3 4 5 7 9 |  9.0
Armour         | 3 5 7 8 |  8.3
Polearms       | 4 |  4.1

Action                   |  1- 3 |  4- 6 |  7- 9 | 10-12 || total
-------------------------+-------+-------+-------+-------++-------
Melee: Hand axe          |   111 |       |       |       ||   111
       War axe           |    17 |    81 |   228 |       ||   326
       Halberd           |       |       |    26 |   128 ||   154
Invok: Berserk           |     2 |     3 |     6 |     5 ||    16
       Trog's Hand       |     1 |     3 |    11 |     5 ||    20
 Abil: Heal Wounds       |     1 |       |       |     2 ||     3
  Use: Scroll            |     2 |     1 |     4 |       ||     7
 Stab: Sleeping          |     2 |       |       |       ||     2
Armor: Animal skin       |    27 |       |       |       ||    27
       Scale mail        |       |     1 |       |       ||     1
       Plate armour      |       |    42 |   146 |       ||   188
       Swamp dragon scal |       |       |    10 |   101 ||   111
Dodge: Dodged            |    83 |    33 |   100 |   173 ||   389

Table legend: (Time is in decaauts)
 A = Elapsed time spent in this place.
 B = Non-inter-level travel time spent in this place.
 C = Inter-level travel time spent in this place.
 D = Time resting spent in this place.
 E = Time spent auto-exploring this place.
 F = Levels seen in this place.
 G = Mean time per level.
                   A        B        C        D        E       F      G
               +--------+--------+--------+--------+--------+-----+--------+
         Total |   7144 |   6575 |    569 |     83 |   4958 |  10 |  714.4 |
       Dungeon |   6971 |   6402 |    569 |     83 |   4877 |   9 |  774.6 |
         Sewer |    173 |    173 |      0 |      0 |     81 |   1 |  173.0 |
               +--------+--------+--------+--------+--------+-----+--------+

Top non-repeatable levels by time:
     D:4: 1215 daAuts
     D:3: 866 daAuts
     D:2: 831 daAuts
     D:1: 815 daAuts
     D:7: 810 daAuts
     D:5: 774 daAuts
     D:8: 681 daAuts
     D:6: 648 daAuts
     D:9: 326 daAuts
   Sewer: 173 daAuts
